 Dungeon Crawl Stone Soup version 0.21.1-1-g345015fe64 (webtiles) character file.

54 Ivernyr the Charmwright (level 3, -6/28 HPs)
             Began as a Demonspawn Skald on Apr 30, 2018.
             Killed from afar by Natasha (8 damage)
             ... with a magic dart
             ... on level 2 of the Dungeon.
             The game lasted 00:02:27 (1540 turns).

Ivernyr the Charmwright (Demonspawn Skald)          Turns: 1540, Time: 00:02:27

Health: -6/28      AC:  5    Str: 11    XL:     3   Next: 66%
Magic:  3/6        EV: 12    Int: 14    God:
Gold:   113        SH:  0    Dex: 13    Spells: 1/6 levels left

rFire    . . .     SeeInvis .   a - +0 falchion
rCold    . . .     Gourm    .   (no shield)
rNeg     . . .     Faith    .   b - +0 leather armour
rPois    .         Spirit   .   (no helmet)
rElec    .         Reflect  .   (no cloak)
rCorr    .         Harm     .   (no gloves)
MR       .....                  (no boots)
Stlth    +.........             (no amulet)
HPRegen  0.09/turn              (no ring)
MPRegen  0.10/turn              (no ring)

@: shrouded, very slightly contaminated
A: claws 1, thin metallic scales 1
a: no special abilities


You were on level 2 of the Dungeon.
You were hungry.

You visited 1 branch of the dungeon, and saw 2 of its levels.

You collected 113 gold pieces.

Inventory:

Hand Weapons
 a - a +0 falchion (weapon)
Armour
 b - a +0 leather armour (worn)
Scrolls
 g - a scroll of fog {unknown}
 i - 3 scrolls of identify {unknown}
 k - a scroll of enchant armour {unknown}
 l - 2 scrolls of teleportation {unknown}
Potions
 e - a potion of brilliance {unknown}
 f - a potion of heal wounds {unknown}
 h - a potion of flight {unknown}
 j - a potion of resistance {unknown}
 m - a potion of haste {unknown}
 n - a potion of degeneration {unknown}
Books
 c - a book of Battle

   Spells                             Type                      Level
   a - Infusion                       Charms                       1
   b - Shroud of Golubria             Charms/Translocation         2
   c - Song of Slaying                Charms                       2
   d - Spectral Weapon                Hexes/Charms                 3
   e - Regeneration                   Charms/Necromancy            3
Comestibles
 d - 7 rations


   Skills:
 + Level 2.4 Fighting
 + Level 2.2 Long Blades
 * Level 2.1 Armour
 - Level 1.7 Dodging
 - Level 2.0 Spellcasting
 + Level 3.0 Charms


You had one spell level left.
You knew the following spells:

 Your Spells              Type           Power        Failure   Level  Hunger
a - Shroud of Golubria    Chrm/Tloc      #.........   26%         2    ###....
b - Song of Slaying       Chrm           ##......     13%         2    ###....
c - Infusion              Chrm           ##..         9%          1    ##.....


Dungeon Overview and Level Annotations

Branches:
Dungeon (2/15)

Altars:

Annotations:
D:2 Natasha


Innate Abilities, Weirdness & Mutations

You have sharp fingernails.
You are partially covered in thin metallic scales. (AC +2)


Message History

You hit Natasha.
Natasha is lightly wounded.
Natasha barely misses you.
The rat twitches its whiskers.
The rat bites you but does no damage.
The shadow imp sputters.
You hit Natasha.
Natasha is moderately wounded.
Natasha claws you but does no damage. The rat closely misses you.
The rat barely misses you.
You riposte.
You closely miss the rat. Natasha closely misses you.
You closely miss Natasha.
Natasha is moderately wounded.
Your shroud bends the rat's attack away.
Natasha casts a spell.
You hit Natasha.
Natasha is heavily wounded.
Natasha casts a spell at you. The magic dart hits you!
You die...

#.##.. #..#.####
..>.. .## #####
#.#.##..#
..>..###.#.#...
#5.5#%..#5## #
#r....5..# ##
###..#h#(#
########. #..#@# ..
......... ##5.r.#
## #######..
###†...##
#####..... #
#.†.##.#
####.....##..
#...#.##.#
###....######..
#.###.##.###...####
#..
#........#...###
##.
####......>.#.### #
#.............#


You could see Natasha, a crimson imp, a white imp, a shadow imp and a rat.

Vanquished Creatures
  An adder (D:2)
  2 oozes
  2 bats (D:2)
  A giant cockroach (D:1)
  5 hobgoblins
  4 jackals (D:1)
  A quokka (D:2)
  2 ball pythons
  3 frilled lizards
  7 goblins
  3 kobolds (D:1)
  4 rats (D:1)
35 creatures vanquished.

Notes
Turn   | Place    | Note
-------+----------+-------------------------------------------
     0 | D:1      | Ivernyr the Demonspawn Skald began the quest for the Orb.
     0 | D:1      | Reached XP level 1. HP: 16/16 MP: 3/3
   101 | D:1      | Reached skill level 1 in Armour
   312 | D:1      | Gained mutation: You have sharp fingernails. [demonic ancestry]
   312 | D:1      | Reached XP level 2. HP: 17/22 MP: 5/5
   645 | D:1      | Learned a level 2 spell: Song of Slaying
   648 | D:1      | Learned a level 2 spell: Shroud of Golubria
  1151 | D:2      | Gained mutation: You are partially covered in thin metallic scales. (AC +2) [demonic ancestry]
  1151 | D:2      | Reached XP level 3. HP: 27/28 MP: 3/6
  1212 | D:2      | Reached skill level 3 in Charms
  1520 | D:2      | Noticed Natasha
  1540 | D:2      | Killed from afar by Natasha

Skill      XL: |  1  2  3 |
---------------+----------+-----
Armour         | 1 2 |  2.1
Long Blades    | 2 |  2.2
Charms         | 3 |  3.0
Fighting       | |  2.4
Dodging        | |  1.7
Spellcasting   | |  2.0

Action                   || total
-------------------------++-------
Melee: Falchion          ||   102
 Cast: Shroud of Golubri ||     5
  Eat: Chunk             ||     2
Armor: Leather armour    ||    36
Dodge: Dodged            ||    87
       Rpst.: Falchion   ||    30
